 Dungeon Crawl Stone Soup version 0.19-b1-5-gdc9fa9d (webtiles) character file.

147 PhynixH2O the Skirmisher (level 5, 0/50 HPs)
             Began as a Draconian Berserker on Oct 31, 2016.
             Was a Believer of Trog.
             Slain by an iguana (9 damage)
             ... on level 4 of the Dungeon.
             The game lasted 00:07:02 (1511 turns).

PhynixH2O the Skirmisher (Draconian Berserker)      Turns: 1511, Time: 00:07:02

Health: 0/50       AC:  6    Str: 19    XL:     5   Next: 8%
Magic:  5/5        EV: 13    Int:  7    God:    Trog [**....]
Gold:   155        SH:  0    Dex: 12    Spells: 0 memorised, 4 levels left

rFire  . . .     SeeInvis .     a - +0 hand axe
rCold  . . .     Gourm    .     (armour unavailable)
rNeg   . . .     Faith    .     (no shield)
rPois  .         Spirit   .     (helmet restricted)
rElec  .         Reflect  .     (no cloak)
rCorr  .         Harm     .     l - +0 pair of gloves
MR     .....                    (no boots)
Stlth  +.........               (no amulet)
                                (no ring)
                                (no ring)

@: exhausted, slowed, very slow
A: unfitting armour, cold-blooded, AC +5
a: Berserk, Trog's Hand, Burn Spellbooks, Renounce Religion


You were on level 4 of the Dungeon.
You worshipped Trog.
Trog was pleased with you.
You were very hungry.

You visited 1 branch of the dungeon, and saw 4 of its levels.

You collected 155 gold pieces.

Inventory:

Hand Weapons
 a - a +0 hand axe (weapon)
Armour
 l - a +0 pair of gloves (worn)
Jewellery
 o - an uncursed ring of wizardry {unknown}
Scrolls
 d - 3 scrolls of identify {unknown}
 f - 2 scrolls of remove curse {unknown}
 k - a scroll of teleportation {unknown}
 n - a scroll of immolation {unknown}
 p - a scroll of noise {unknown}
 r - a scroll of blinking {unknown}
Potions
 e - a potion of berserk rage {unknown}
 j - a potion of heal wounds {unknown}
 m - a potion of resistance {unknown}
 q - a potion of curing {unknown}
Comestibles
 b - 2 bread rations
 c - 2 fruits
 g - 2 slices of pizza
 h - 3 meat rations


   Skills:
 * Level 5.6 Fighting
 + Level 4.0 Axes
 - Level 2.6 Dodging


You had 4 spell levels left.
You didn't know any spells.

Dungeon Overview and Level Annotations

Branches:
Dungeon (4/15)
 Temple: D:4-7

Altars:
Qazlal

Annotations:
D:3 Zeloya's ghost, amateur KoIE


Innate Abilities, Weirdness & Mutations

Your plain brown scales are hard. (AC +5)
You cannot fit into any form of body armour.
You are cold-blooded and may be slowed by cold attacks.


Message History

You barely miss the iguana.
The iguana is moderately wounded.
The iguana barely misses you. The iguana completely misses you.
You hit the iguana but do no damage.
The iguana is moderately wounded.
The iguana closely misses you.
You hit the iguana.
The iguana is severely wounded.
The iguana closely misses you. x2
You hit the iguana but do no damage.
The iguana is heavily wounded.
The iguana closely misses you. The iguana barely misses you.
You barely miss the iguana.
You tail-slap the iguana, but do no damage.
The iguana is heavily wounded.
The iguana misses you.
You hit the iguana.
Your tail-slap misses the iguana.
The iguana is severely wounded.
The iguana bites you!
You die...

# .. #. #.. #.
##...#### #.
........# #. #@#
#.## #l# ..# #.#
#.# #.# #.#
#.#####.###.#
#.........#.#####.
########..#.#.....
#..#.#..###
##)#...#...
#.)...#..#


You could see an iguana.

Vanquished Creatures
  An orc priest (D:4)
  Robin (D:2)
  A gnoll (D:1)
  3 adders
  2 dart slugs (D:1)
  A leopard gecko (D:1)
  4 orcs (D:4)
  4 giant cockroaches
  12 goblins
  6 hobgoblins
  4 jackals (D:2)
  5 kobolds
  A quokka (D:2)
  A ball python (D:2)
  2 bats
  4 frilled lizards
  8 rats
60 creatures vanquished.

Notes
Turn   | Place    | Note
-------+----------+-------------------------------------------
     0 | D:1      | PhynixH2O the Draconian Berserker began the quest for the Orb.
     0 | D:1      | Reached XP level 1. HP: 19/19 MP: 1/1
    76 | D:1      | Reached XP level 2. HP: 16/27 MP: 2/2
   172 | D:1      | Reached skill level 4 in Fighting
   507 | D:1      | Reached XP level 3. HP: 33/33 MP: 3/3
   765 | D:2      | Reached ** piety under Trog
   941 | D:2      | Noticed Robin
   962 | D:2      | Reached XP level 4. HP: 23/41 MP: 4/4
   978 | D:2      | Killed Robin
   978 | D:2      | Reached skill level 5 in Fighting
  1284 | D:2      | Found a stormy altar of Qazlal.
  1419 | D:3      | Noticed Zeloya's ghost (amateur KoIE)
  1490 | D:4      | Reached XP level 5. HP: 12/50 MP: 5/5
  1511 | D:4      | Slain by an iguana

Skill      XL: |  1  2  3  4 |
---------------+-------------+-----
Fighting       | 4 5 |  5.6
Axes           | 4 |  4.0
Dodging        | |  2.6

Action                   |  1- 3 |  4- 6 || total
-------------------------+-------+-------++-------
Melee: Hand axe          |   119 |    88 ||   207
       Tailslap          |    11 |    12 ||    23
Invok: Trog's Hand       |     1 |     2 ||     3
       Berserk           |       |     2 ||     2
 Stab: Sleeping          |     1 |       ||     1
  Eat: Chunk             |       |     4 ||     4
Armor: Skin              |    49 |    24 ||    73
Dodge: Dodged            |    85 |    70 ||   155
